 Dungeon Crawl Stone Soup version 0.19.0-19-g8c6edcc (webtiles) character file.

147 Chiseanne the Vexing (level 5, -5/40 HPs)
             Began as a Vine Stalker Arcane Marksman on Nov 14, 2016.
             Killed from afar by an orc wizard (7 damage)
             ... with a magic dart
             ... on level 3 of the Dungeon.
             The game lasted 00:04:23 (2391 turns).

Chiseanne the Vexing (Vine Stalker Arcane Marksman) Turns: 2391, Time: 00:04:23

Health: -5/40      AC:  9    Str: 18    XL:     5   Next: 29%
Magic:  0/7        EV: 12    Int: 19    God:
Gold:   83         SH:  0    Dex: 15    Spells: 1 memorised, 5 levels left

rFire  . . .     SeeInvis .     e - +0 spear
rCold  . . .     Gourm    .     i - +1 ring mail
rNeg   . . .     Faith    .     (no shield)
rPois  .         Spirit   +     (no helmet)
rElec  .         Reflect  .     t - +0 cloak
rCorr  .         Harm     .     j - +1 pair of gloves
MR     .....                    (no boots)
Stlth  ..........               (no amulet)
                                (no ring)
                                m - +6 ring of intelligence

@: berserking, very slightly contaminated, hasted, very quick
A: fangs 2, regeneration 1, magic shield, antimagic bite, no device heal 3, rot
immunity
a: no special abilities


You were on level 3 of the Dungeon.
You were not hungry.

You visited 1 branch of the dungeon, and saw 3 of its levels.

You collected 83 gold pieces.

Inventory:

Hand Weapons
 e - a +0 spear (weapon)
Missiles
 a - 105 stones
 c - 5 javelins (quivered)
 d - 2 throwing nets
 g - 42 arrows
 l - 17 bolts
 u - 13 poisoned needles
 v - 25 sling bullets
Armour
 i - a +1 ring mail (worn)
 j - a +1 pair of gloves (worn)
 t - a +0 cloak (worn)
Jewellery
 m - a +6 ring of intelligence (left hand)
Potions
 q - a potion of brilliance
 r - a potion of degeneration {unknown}
 w - a potion of curing {unknown}
Books
 b - a book of Debilitation

   Spells                             Type                      Level
   a - Corona                         Hexes                        1
   b - Slow                           Hexes                        2
   c - Gell's Gravitas                Hexes/Translocation          3
   d - Inner Flame                    Hexes/Fire                   3
   e - Cause Fear                     Hexes                        4
   f - Leda's Liquefaction            Hexes/Earth                  4
Comestibles
 f - 2 bread rations
 o - a fruit
 p - 2 meat rations
 x - 3 chunks of flesh


   Skills:
 * Level 2.7 Fighting
 - Level 1.7 Throwing
 * Level 1.8 Armour
 * Level 2.8 Dodging
 - Level 1.1 Spellcasting
 - Level 3.0 Hexes


You had 5 spell levels left.
You knew the following spells:

 Your Spells              Type           Power        Failure   Level  Hunger
a - Corona                Hex            ##.....      12%         1    ##.....


Dungeon Overview and Level Annotations

Branches:
Dungeon (3/15)

Altars:
Zin

Shops:
D:3 *


Innate Abilities, Weirdness & Mutations

You have extremely sharp teeth.
Your natural rate of healing is unusually fast.
When hurt, damage is shared between your health and your magic reserves.
Your bite disrupts and absorbs the magic of your enemies.
Potions and wands cannot restore your health.
You are immune to rotting.


Message History

You puncture the orc!
You kill the orc!
You miss the orc wizard. Your bite misses the orc wizard.
You barely miss the orc wizard. The orc wizard casts a spell at you.
The puff of flame hits you!
* * * LOW HITPOINT WARNING * * *
You barely miss the orc wizard. The orc wizard hits you with a dagger.
* * * LOW HITPOINT WARNING * * *
The orc wizard misses you.
You barely miss the orc wizard.
The orc wizard hits you but does no damage.
You miss the orc wizard. The orc wizard closely misses you.
You completely miss the orc wizard. The orc wizard hits you with a dagger.
* * * LOW HITPOINT WARNING * * *
You puncture the orc wizard! Your bite misses the orc wizard.
The orc wizard is severely wounded.
The orc wizard casts a spell at you. The magic dart hits you!
You die...

##########
#########.........
+...ooo@..........
########$.........
#..........
#...........
#.........$.
#.........(.
#.).....(!..
#.).........
#>).........


You could see an orc priest, an orc wizard and an orc.

Vanquished Creatures
  An orc wizard (D:3)
  A hound skeleton (D:3)
  4 adders (D:2)
  An ooze (D:1)
  A worm (D:2)
  3 dart slugs
  2 leopard geckos (D:1)
  3 orcs (D:3)
  2 giant cockroaches (D:1)
  6 goblins
  7 hobgoblins
  12 kobolds
  A quokka (D:3)
  A ball python (D:1)
  6 bats
  2 frilled lizards
  A rat (D:1)
54 creatures vanquished.

Notes
Turn   | Place    | Note
-------+----------+-------------------------------------------
     0 | D:1      | Chiseanne the Vine Stalker Arcane Marksman began the quest for the Orb.
     0 | D:1      | Reached XP level 1. HP: 9/9 MP: 3/3
    25 | D:1      | Reached skill level 1 in Fighting
   322 | D:1      | Reached XP level 2. HP: 12/14 MP: 4/4
   698 | D:1      | Reached XP level 3. HP: 12/18 MP: 3/5
  1482 | D:2      | Reached skill level 1 in Armour
  1608 | D:2      | Gained mutation: Your natural rate of healing is unusually fast. [Vine Stalker growth]
  1608 | D:2      | Reached XP level 4. HP: 17/23 MP: 6/6
  2132 | D:3      | Found Zin's Purification Station.
  2135 | D:3      | Found a glowing silver altar of Zin.
  2307 | D:3      | Reached XP level 5. HP: 12/27 MP: 3/7
  2387 | D:3      | HP: 2/40 [orc wizard/dagger (3)]
  2391 | D:3      | Killed from afar by an orc wizard

Skill      XL: |  1  2  3 |
---------------+----------+-----
Fighting       | 1 2 |  2.7
Dodging        | 2 |  2.8
Armour         | 1 |  1.8
Throwing       | |  1.7
Spellcasting   | |  1.1
Hexes          | |  3.0

Action                   |  1- 3 |  4- 6 || total
-------------------------+-------+-------++-------
Melee: Spear             |   137 |   112 ||   249
       Bite              |    33 |    27 ||    60
  Use: Scroll            |     3 |     4 ||     7
       Potion            |       |     3 ||     3
  Eat: Chunk             |     2 |     3 ||     5
Armor: Robe              |     8 |       ||     8
       Ring mail         |    36 |    61 ||    97
Dodge: Dodged            |    64 |   104 ||   168
